 Dungeon Crawl Stone Soup version 0.14-a0-2359-g1e808ab (webtiles) character file.

341 Herrn the Skirmisher (level 6, -10/51 HPs)
             Began as a Djinni Fighter on Jan 31, 2014.
             Was a Believer of Makhleb.
             Killed by divine providence
             ... invoked by an orc priest
              (12 damage)
             ... on Level 3 of the Dungeon.
             The game lasted 00:13:02 (2659 turns).

Herrn the Skirmisher (Djinni Fighter)               Turns: 2659, Time: 00:13:06

HP -10/51        AC  9     Str 17      XL: 6   Next:  0%
MP   0/0         EV  4     Int  8      God: Makhleb [**....]
Gold 75          SH 18     Dex 14      Spells:  0 memorised,  5 levels left

rFire  + + +     SeeInvis .     r - +0,+2 orc whip
rCold  x . .     Clarity  .     i - +0 orc chain mail
rNeg   + + +     Conserve .     c - +0 shield
rPois  .         rCorr    .     (no helmet)
rElec  .         rRot     .     (no cloak)
SustAb . .       Spirit   .     (no gloves)
rMut   .         Warding  +     (boots unavailable)
Saprov . . .     Stasis   .     e - amulet of warding {unknown}
MR     .....                    (no ring)
                                t - ring of wizardry

@: flying, not resistant to hostile enchantments, extremely unstealthy
A: fire immunity, cold vulnerability, life protection 3
a: Minor Destruction, Renounce Religion


You were on level 3 of the Dungeon.
You worshipped Makhleb.
Makhleb was pleased with you.
You were not hungry.

You visited 1 branch of the dungeon, and saw 3 of its levels.
You also visited: Sewer.

You collected 75 gold pieces.

Inventory:

Hand weapons
 a - a +0,+0 mace
 r - a +0,+2 orcish whip (weapon)
Armour
 c - a +0 shield (worn)
 i - a +0 orcish chain mail (worn)
Scrolls
 b - 2 scrolls of recharging {unknown}
 f - 5 scrolls of teleportation
 g - a scroll of curse armour {unknown}
 l - 2 scrolls of curse jewellery {unknown}
 m - a scroll of noise {unknown}
 n - 2 scrolls of remove curse {unknown}
 q - a scroll of enchant weapon II {unknown}
 s - a scroll of blinking {unknown}
Jewellery
 e - an amulet of warding (around neck) {unknown}
 t - a ring of wizardry (left hand)
Potions
 d - 2 potions of curing
 h - a potion of restore abilities
 j - 2 potions of might
 p - a potion of speed
 u - 2 potions of brilliance


   Skills:
 * Level 4.8 Fighting
 * Level 4.4 Maces & Flails
 - Level 3.2 Armour
 - Level 3.0 Shields


You had 5 spell levels left.
You didn't know any spells.

Dungeon Overview and Level Annotations

Branches:
Dungeon (3/16)

Altars:
Makhleb


Innate Abilities, Weirdness & Mutations

You are immune to all types of fire, even holy and hellish.
You are vulnerable to cold.
You need no food.
You have no legs.
You are immune to negative energy.


Message History

The orc priest calls down the wrath of Beogh upon you.
Something smites you!
You barely miss the orc priest.
The orc priest is moderately wounded.
The orc priest hits you with an orcish morningstar.
You closely miss the orc priest.
The orc priest is moderately wounded.
The orc priest hits you with an orcish morningstar.
The orc priest mumbles some strange prayers to Beogh against you.
Something smites you!
* * * LOW HITPOINT WARNING * * *
You hit the orc priest but do no damage.
The orc priest is moderately wounded.
You hit the orc priest.
The orc priest is severely wounded.
The orc priest hits you with an orcish morningstar!
* * * LOW HITPOINT WARNING * * *
The orc priest calls down the wrath of Beogh upon you.
Something smites you!
You die...

#.#.#########
#.#..........
#.#.#...#####
#.#.#...#####
#.#.#####...#
#.#..........
####.#######...#
#.####........# #...#
#.oo@').......# #...#
######........###...#
................[..)..
####........###...#
#........# #####
##........#
#..)......#
#.........#
#....######


You could see 2 orc priests.

Vanquished Creatures
  An orc priest (D:3)
  An orc wizard (D:3)
  6 adders
  5 green rats
  An inept feature mimic (D:2)
  A worm (Sewer)
  2 grey rats
  3 giant geckos
  2 oozes (D:2)
  5 orcs (D:3)
  4 ball pythons
  13 bats
  4 giant cockroaches
  9 hobgoblins
  2 jackals (D:1)
  3 quokkas
  5 giant newts
  7 goblins
  13 kobolds
  7 rats
94 creatures vanquished.

Notes
Turn   | Place    | Note
--------------------------------------------------------------
     0 | D:1      | Herrn, the Djinni Fighter, began the quest for the Orb.
     0 | D:1      | Reached XP level 1. HP: 16/16 MP: 0/0
   141 | D:1      | Reached XP level 2. EP: 23/23
   589 | D:1      | Reached XP level 3. EP: 29/29
  1078 | D:2      | Reached skill level 4 in Fighting
  1078 | D:2      | Reached XP level 4. EP: 32/37
  1301 | D:2      | Found a burning altar of Makhleb.
  1312 | D:2      | Became a worshipper of Makhleb the Destroyer
  1766 | D:3      | Found a glowing drain.
  1819 | Sewer    | Entered a sewer
  1986 | Sewer    | Reached XP level 5. EP: 41/43
  2079 | Sewer    | Acquired Makhleb's first power
  2558 | D:3      | Acquired Makhleb's second power
  2647 | D:3      | Reached XP level 6. EP: 51/51
  2659 | D:3      | HP: 2/51 [orc priest/orcish morningstar (7)]
  2659 | D:3      | Killed from afar by an orc priest

Action                   |  1- 3 |  4- 6 || total
-------------------------+-------+-------++-------
Melee: Mace              |   150 |   200 ||   350
       Whip              |       |    39 ||    39
       Falchion          |       |     5 ||     5
  Use: Scroll            |       |     4 ||     4
       Potion            |       |     6 ||     6
